 Dungeon Crawl Stone Soup version 0.29.1 (webtiles) character file.

Game seed: 5178826833635071837

1019 greasedhog the Shield-Bearer (level 8, 0/57 HPs)
             Began as a Formicid Fighter on Sept 14, 2022.
             Was a Believer of Hepliaklqana.
             Slain by an ogre
             ... wielding a +0 giant spiked club
              (23 damage)
             ... on level 5 of the Dungeon.
             The game lasted 00:06:04 (4803 turns).

greasedhog the Shield-Bearer (Formicid Fighter)     Turns: 4803, Time: 00:06:04

Health: 0/57       AC: 13    Str: 23    XL:     8   Next: 46%
Magic:  8/8        EV:  9    Int:  8    God:    Hepliaklqana [**....]
Gold:   136        SH:  5    Dex: 13    Spells: 7/7 levels left

rFire   . . .      SeeInvis +   w - +1 hand axe (elec)
rCold   . . .      Faith    .   c - +0 buckler
rNeg    . . .      Spirit   .   b - +0 scale mail
rPois   .          Reflect  .   (helmet unavailable)
rElec   .          Harm     .   k - +0 cloak
rCorr   .          Rampage  .   y - +0 pair of gloves
Will    .....                   i - +2 pair of boots
Stlth   ..........              (no amulet)
HPRegen 0.19/turn               (no ring)
MPRegen 0.11/turn               (no ring)

@: no status effects
A: reduced essence, permanent stasis, dig shafts and tunnels, antennae 3, four
strong arms
a: Dig, Shaft Self, Renounce Religion, Recall Ancestor, Ancestor Identity


You were on level 5 of the Dungeon.
You worshipped Hepliaklqana.
Hepliaklqana was pleased with you.
You visited 1 branch of the dungeon, and saw 5 of its levels.

You collected 288 gold pieces.
You spent 152 gold pieces at shops.

Inventory:

Hand Weapons
 w - a +1 hand axe of electrocution (weapon)
 x - a +1 mace of holy wrath
Armour
 b - a +0 scale mail (worn)
 c - a +0 buckler (worn)
 i - a +2 pair of boots (worn)
 k - a +0 cloak (worn)
 y - a +0 pair of gloves (worn)
Wands
 d - a wand of flame (18)
 h - a wand of roots (2)
Scrolls
 a - 2 scrolls of identify
 m - a scroll of enchant weapon
 n - 4 scrolls of blinking {unknown}
 p - 2 scrolls of enchant armour
 t - a scroll of noise {unknown}
 u - a scroll of immolation {unknown}
Potions
 e - 2 potions of curing
 f - 2 potions of degeneration {unknown}
 g - a potion of flight {unknown}
 j - 5 potions of heal wounds
 l - 2 potions of mutation {unknown}
 o - a potion of magic {unknown}
 q - a potion of cancellation {unknown}
 r - 3 potions of lignification {unknown}
 s - a potion of attraction {unknown}
 v - a potion of ambrosia {unknown}


   Skills:
 - Level 5.8 Fighting
 * Level 6.0 Axes
 * Level 5.2 Armour
 - Level 7.0 Shields


You had 7 spell levels left.
You didn't know any spells.
Your spell library contained the following spells:

 Spells                   Type           Power      Damage    Failure   Level
 Magic Dart               Conj           0%         1d3       77%         1
 Call Imp                 Summ           0%         N/A       88%         2
 Dazzling Flash           Conj/Hex       0%         N/A       98%         3
 Mephitic Cloud           Conj/Pois/Air  0%         N/A       98%         3
 Iskenderun's Mystic Bla  Conj/Tloc      0%         2d3       100%        4
 Starburst                Conj/Fire      0%         6d3       100%        6


Dungeon Overview and Level Annotations

Branches:
Dungeon (5/15)
 Temple: D:4-7

Altars:
Hepliaklqana
Uskayaw
The Shining One

Shops:
D:3 !*[!


Innate Abilities, Weirdness & Mutations

Your life essence is reduced to manifest your ancestor. (-10% HP)
You cannot be hasted, slowed, berserked, paralysed or teleported.
You can dig through walls and to a lower floor.
You have a pair of large antennae on your head. (SInv)
Your four strong arms can wield two-handed weapons with a shield.


Message History

No target in view!
No target in view!
No target in view!
You sense a monster nearby.
An orc wizard comes into view. It is wielding a +0 dagger.
You swap places.
The orc wizard shouts!
The ogre hits you with a +0 giant spiked club!
A phantom comes into view.
You closely miss the ogre.
The ogre hits you with a +0 giant spiked club!!
You are too injured to fight recklessly!
You are too injured to fight recklessly!
You are too injured to fight recklessly!
You are too injured to fight recklessly!
You are too injured to fight recklessly!
You are too injured to fight recklessly!
You are too injured to fight recklessly!
You are too injured to fight recklessly!
You are too injured to fight recklessly!
You are too injured to fight recklessly!
You are too injured to fight recklessly!
You are too injured to fight recklessly!
You are too injured to fight recklessly!
You are too injured to fight recklessly!
You are too injured to fight recklessly!
Unknown command.
You slash the ogre!
The ogre is moderately wounded.
Zimri-Dagan gestures at the ogre while chanting.
The ogre resists with some effort.
Zimri-Dagan gestures at the ogre while chanting.
The ogre resists with some effort.
You see here a worm corpse.
Aiming: Fastroot
Press: ? - help, Shift-Dir - straight line
Okay, then.
The ogre attacks as you move away!
The ogre hits you with a +0 giant spiked club!!
You die...

.. ##. .## ##.. ..## #..
#.. #.# #[##
##########.######..###.#
....#...................
..#.#..#...##)..@R####
#.#....#.#.....##O#
#.#..#...#..##....'o.{W..
#....#............#...#..
#######################


You could see the friendly Zimri-Dagan the hexer, an ogre (ally target) and an
orc wizard.

Vanquished Creatures
  An ice beast (D:5)
  2 necrophages (D:5)
  2 scorpions
  3 killer bees (D:5)
  A howler monkey (D:5)
  A hound (D:3)
  A gnoll bouda (D:5)
  3 iguanas
  4 orc wizards
  An adder (D:2)
  An ufetubus (D:5)
  2 worms
  3 dart slugs
  6 orcs
  5 endoplasms
  3 giant cockroaches
  6 goblins
  9 hobgoblins
  4 jackals (D:4)
  A quokka (D:2)
  7 ball pythons
  4 bats
  5 frilled lizards
  7 kobolds
  A rat (D:2)
83 creatures vanquished.

Vanquished Creatures (collateral kills)
  2 scorpions (D:5)
  A hound (D:5)
  An orc wizard (D:4)
  An adder (D:3)
  An ufetubus (D:5)
  2 orcs (D:5)
  An endoplasm (D:3)
  A ball python (D:4)
  A bat (D:2)
  A frilled lizard (D:3)
12 creatures vanquished.

Vanquished Creatures (others)
  A hexer (D:5)
1 creature vanquished.

Grand Total: 96 creatures vanquished

Notes
Turn   | Place    | Note
-------+----------+-------------------------------------------
     0 | D:1      | greasedhog the Formicid Fighter began the quest for the
                  | Orb.
     0 | D:1      | Reached XP level 1. HP: 18/18 MP: 1/1
   317 | D:1      | You fall into a shaft and drop 1 floor!
   350 | D:2      | Reached XP level 2. HP: 17/24 MP: 2/2
   743 | D:1      | Reached XP level 3. HP: 30/30 MP: 3/3
  1211 | D:1      | Found a faded altar of an unknown god.
  1311 | D:1      | Prayed at the altar of an unknown god.
  1311 | D:1      | Became a worshipper of Hepliaklqana the Forgotten
  1311 | D:1      | Reached * piety under Hepliaklqana
  1564 | D:2      | Reached XP level 4. HP: 33/33 MP: 4/4
  1989 | D:3      | Found Lehoon's Antique Armour Shop.
  2007 | D:3      | Noticed a +0 short sword
  2007 | D:3      | Noticed a +0 falchion
  2007 | D:3      | Noticed a +0 dagger
  2008 | D:3      | Noticed a +0 spear
  2008 | D:3      | Noticed a +0 dagger
  2009 | D:3      | Noticed a +0 falchion
  2009 | D:3      | Noticed a +0 spear
  2010 | D:3      | Noticed a +0 short sword
  2024 | D:3      | Found a hide-covered altar of Uskayaw.
  2163 | D:3      | Found Enem's Distillery.
  2167 | D:3      | Bought a potion of curing for 42 gold pieces
  2425 | D:3      | Found Zacvaurho's Distillery.
  2433 | D:3      | Bought 2 potions of heal wounds for 110 gold pieces
  2449 | D:3      | Found Xyemiutuud's Assorted Antiques.
  2464 | D:3      | Reached skill level 5 in Shields
  2550 | D:3      | Reached XP level 5. HP: 31/38 MP: 5/5
  2992 | D:4      | Reached ** piety under Hepliaklqana
  2993 | D:4      | Remembered your ancestor Zimri-Dagan as a hexer
  3088 | D:4      | Reached XP level 6. HP: 32/44 MP: 6/6
  3368 | D:4      | Reached skill level 5 in Fighting
  3368 | D:4      | Reached skill level 6 in Shields
  3726 | D:5      | Entered Level 5 of the Dungeon
  3789 | D:5      | Reached XP level 7. HP: 8/50 MP: 7/7
  4139 | D:5      | Reached skill level 7 in Shields
  4279 | D:5      | Reached skill level 5 in Axes
  4324 | D:5      | Reached XP level 8. HP: 46/57 MP: 8/8
  4386 | D:5      | Found a glowing golden altar of the Shining One.
  4730 | D:5      | Reached skill level 5 in Armour
  4803 | D:5      | Slain by an ogre

Illustrated notes

Levels and vault maps discovered:
D:1:      dpeg_arrival_boxes_within_box, layout_basic, serial_rivers,
          chequers_serial_rivers_micro_d, chequers_serial_rivers_room_a,
          chequers_serial_rivers_small_a, chequers_serial_rivers_small_3,
          chequers_serial_rivers_small_b, shapermc_ecumenical_altar_petra,
          minmay_pentomino_t2
D:2:      layout_basic
D:3:      layout_loops_cross, nicolae_uskayaw_en_pointe, serial_shops,
          shop_statue, nicolae_shop_statue_plus,
          nicolae_shop_competitors_out_of_business, shop
D:4:      layout_loops_ring, minivault_27, minmay_a_box_with_orc_wizards_in_it
D:5:      minmay_thinvault, layout_rooms, tso_metal_star

Skill      XL: |  1  2  3  4  5  6  7  8 |
---------------+-------------------------+-----
Fighting       | 4 5 |  5.8
Axes           | 3 4 5 6 |  6.0
Shields        | 5 6 7 |  7.0
Armour         | 4 5 |  5.2

Action                   |  1- 3 |  4- 6 |  7- 9 || total
-------------------------+-------+-------+-------++-------
Melee: War axe           |    83 |   112 |    40 ||   235
       Hand axe          |       |       |    41 ||    41
Invok: Ancestor Life: He |       |     1 |       ||     1
       Recall Ancestor   |       |     1 |       ||     1
       Ancestor Identity |       |     1 |       ||     1
  Use: Scroll            |     2 |     3 |       ||     5
       Potion            |       |     4 |     2 ||     6
 Stab: Confused          |       |     1 |     2 ||     3
Armor: Scale mail        |    47 |    67 |    40 ||   154
Dodge: Dodged            |    43 |    62 |    34 ||   139
Block: Buckler           |    22 |    39 |    18 ||    79
